 Dungeon Crawl Stone Soup version 0.18-a0-971-g0af6217 (webtiles) character file.

46496 dvd the Nimble (level 14, -12/103 HPs)
             Began as a Merfolk Transmuter on Jan 2, 2016.
             Was an Elder of Cheibriados.
             Mangled by a swamp worm (26 damage)
             ... on level 7 of the Lair of Beasts.
             The game lasted 01:47:58 (19324 turns).

dvd the Nimble (Merfolk Transmuter)                Turns: 19324, Time: 01:47:59

Health: -12/103    AC:  7    Str: 22    XL:     14   Next: 37%
Magic:  21/29      EV: 26    Int: 31    God:    Cheibriados [****..]
Gold:   1062       SH:  0    Dex: 24    Spells: 8 memorised, 2 levels left

rFire  . . .     SeeInvis .       - Unarmed
rCold  . . .     Gourm    .     u - +2 leather armour {rPois}
rNeg   . . .     Faith    .     (shield currently unavailable)
rPois  +         Spirit   .     D - +0 helmet
rElec  +         Dismiss  .     r - +0 cloak {MR+}
rCorr  .         Reflect  .     (gloves currently unavailable)
SustAt .         Harm     +     (no boots)
MR     ++...                    z - amulet "Vobreop" {Harm *Drain Int+3}
Stlth  ++++......               n - +2 ring of intelligence
                                H - ring of wizardry

@: blade hands, very slow, very resistant to hostile enchantments, stealthy
A: change form in water, swift swim, electricity resistance
a: End Transformation, Bend Time, Temporal Distortion, Slouch, Renounce Religion


You were on level 7 of the Lair of Beasts.
You worshipped Cheibriados.
Cheibriados was greatly pleased with you.
You were not hungry.
You had blades for hands.
You visited 3 branches of the dungeon, and saw 16 of its levels.
You also visited: Ice Cave.

You collected 1197 gold pieces.
You spent 135 gold pieces at shops.

Inventory:

Hand Weapons
 J - the +3 glaive of Conformity {venom, rPois}
   (You found it on level 4 of the Lair of Beasts)

   It poisons the flesh of those it strikes.
   It protects you from poison.
 Z - the +4 hand crossbow of Change {flame, Stlth+, unknown}
   (You found it in an ice cave)

   It causes projectiles fired from it to burn those they strike, causing extra
   injury to most foes and up to half again as much damage against particularly
   susceptible opponents.
   It makes you more stealthy.
Missiles
 g - 13 tomahawks (quivered)
Armour
 r - a +0 cloak of magic resistance (worn)
 u - a +2 leather armour of poison resistance (worn)
 D - a +0 helmet (worn)
 N - the +0 pair of gloves of the Big Bang (melded) {*Contam +Fly rCorr}
   (You found it on level 3 of the Lair of Beasts)

   It lets you fly.
   It causes magical contamination when unequipped.
   It protects you from acid and corrosion.
 O - a troll hide {Snorg}
Jewellery
 j - an uncursed ring of magical power
 n - a +2 ring of intelligence (right scythe-like blade)
 p - an uncursed ring of wizardry
 z - the amulet "Vobreop" (around neck) {Harm *Drain Int+3}
   (You found it on level 4 of the Lair of Beasts)

   [amulet of harm]

   It increases damage dealt and taken.
   It affects your intelligence (+3).
 C - an uncursed ring of ice
 H - a ring of wizardry (left scythe-like blade)
 I - a +2 ring of evasion
Wands
 l - a wand of lightning (4/15)
 q - a wand of cold (6/15)
 t - a wand of confusion (11/48)
 w - a wand of digging (6/24)
 y - a wand of draining (7/15)
 K - a wand of cold (7/15)
 L - a wand of disintegration (8/24)
 V - a wand of slowing (37/48)
 W - a wand of slowing (25/48)
 Y - a wand of enslavement (15/24)
Scrolls
 m - 4 scrolls of identify
 o - 4 scrolls of recharging
 B - a scroll of enchant weapon
 T - a scroll of remove curse
Potions
 e - 4 potions of curing
 s - 2 potions of mutation
 P - a potion of cancellation
 Q - a potion of magic
 S - a potion of cure mutation
 U - 2 potions of might
Books
 a - the Compendium of Shape Shifting and Companions
   (You acquired it on level 7 of the Dungeon)

   Spells                             Type                      Level
   a - Summon Butterflies             Summoning                    1
   b - Petrify                        Transmutation/Earth          4
   c - Irradiate                      Conjuration/Transmutation    5
   d - Summon Forest                  Summoning/Translocation      5
   e - Blade Hands                    Transmutation                5
 b - a Necronomicon

   Spells                             Type                      Level
   a - Haunt                          Necromancy/Summoning         7
   b - Borgnjor's Revivification      Necromancy                   8
   c - Death's Door                   Charms/Necromancy            8
   d - Necromutation                  Transmutation/Necromancy     8
 c - a book of Changes

   Spells                             Type                      Level
   a - Beastly Appendage              Transmutation                1
   b - Sticks to Snakes               Transmutation                2
   c - Spider Form                    Transmutation/Poison         3
   d - Ice Form                       Ice/Transmutation            4
   e - Blade Hands                    Transmutation                5
 h - an Akashic Record

   Spells                             Type                      Level
   a - Dispersal                      Translocation                6
   b - Malign Gateway                 Summoning/Translocation      7
   c - Disjunction                    Translocation                8
   d - Controlled Blink               Translocation                8
 v - a book of Ice

   Spells                             Type                      Level
   a - Ice Form                       Ice/Transmutation            4
   b - Metabolic Englaciation         Hexes/Ice                    5
   c - Ozocubu's Refrigeration        Ice                          6
   d - Bolt of Cold                   Conjuration/Ice              6
   e - Freezing Cloud                 Conjuration/Ice/Air          6
   f - Simulacrum                     Ice/Necromancy               6
 x - a book of Flames

   Spells                             Type                      Level
   a - Flame Tongue                   Conjuration/Fire             1
   b - Throw Flame                    Conjuration/Fire             2
   c - Conjure Flame                  Conjuration/Fire             3
   d - Inner Flame                    Hexes/Fire                   3
   e - Sticky Flame                   Conjuration/Fire             4
   f - Fireball                       Conjuration/Fire             5
 A - a book of Conjurations

   Spells                             Type                      Level
   a - Magic Dart                     Conjuration                  1
   b - Searing Ray                    Conjuration                  2
   c - Dazzling Spray                 Conjuration/Hexes            3
   d - Fulminant Prism                Conjuration/Hexes            4
   e - Iskenderun's Mystic Blast      Conjuration                  4
   f - Iskenderun's Battlesphere      Conjuration/Charms           5
 E - a book of Frost

   Spells                             Type                      Level
   a - Freeze                         Ice                          1
   b - Throw Frost                    Conjuration/Ice              2
   c - Ozocubu's Armour               Charms/Ice                   3
   d - Throw Icicle                   Conjuration/Ice              4
   e - Summon Ice Beast               Ice/Summoning                4
   f - Condensation Shield            Ice                          4
 G - a book of Alchemy

   Spells                             Type                      Level
   a - Sublimation of Blood           Necromancy                   2
   b - Ignite Poison                  Fire/Transmutation/Poison    3
   c - Alistair's Intoxication        Transmutation/Poison         4
   d - Condensation Shield            Ice                          4
   e - Petrify                        Transmutation/Earth          4
   f - Irradiate                      Conjuration/Transmutation    5
Comestibles
 d - 10 bread rations
 f - 21 fruits
 k - 8 meat rations
 M - a beef jerky
 R - a slice of pizza


   Skills:
 + Level 7.3 Fighting
 + Level 2.7 Throwing
 + Level 3.1 Armour
 + Level 12.7 Dodging
 + Level 5.6 Stealth
 + Level 9.7 Unarmed Combat
 * Level 11.7 Spellcasting
 + Level 3.8 Charms
 + Level 1.0 Summonings
 + Level 11.0 Transmutations
 + Level 8.7 Ice Magic
   Level 0.2 Earth Magic
 + Level 2.1 Poison Magic
 + Level 7.6 Invocations
 + Level 0.8 Evocations


You had 2 spell levels left.
You knew the following spells:

 Your Spells              Type           Power        Failure   Level  Hunger
a - Irradiate             Conj/Trmt      ######....   22%         5    ##.....
b - Spider Form           Trmt/Pois      ######....   6%          3    None
c - Ice Form              Ice/Trmt       ######..     6%          4    None
d - Blade Hands           Trmt           ######....   7%          5    ##.....
e - Ozocubu's Armour      Chrm/Ice       ######..     6%          3    None
f - Summon Ice Beast      Ice/Summ       #####...     16%         4    None
g - Condensation Shield   Ice            ######....   6%          4    None
h - Ozocubu's Refrigerat  Ice            ######....   26%         6    ####...


Dungeon Overview and Level Annotations

Branches:
Dungeon (8/15)             Temple (1/1) D:5            Lair (7/8) D:8
  Swamp (0/4) Lair:4       Spider (0/4) Lair:4
  Slime: Lair:6-8

Altars:
Ashenzari
Cheibriados
Dithmenos
Elyvilon
Fedhas
Gozag
Kikubaaqudgha
Makhleb
Nemelex Xobeh
Okawaru
Pakellas
Qazlal
Ru
Sif Muna
Trog
Vehumet
Xom
Yredelemnul
The Shining One
Jiyva

Shops:
D:6 *   D:7 %

Annotations:
D:3 PinkishYellow's ghost, weakling OgBe


Innate Abilities, Weirdness & Mutations

You revert to your normal form in water.
You are very nimble and swift while swimming.
You are resistant to electric shocks.


Message History

Throwing (i - inventory):
g - 14 tomahawks (quivered)
Press: ? - help, Shift-Dir - straight line, f/p - swamp worm
Aim: a swamp worm You throw a tomahawk.
The tomahawk hits the swamp worm.
The swamp worm is lightly wounded.
Throwing (i - inventory):
g - 13 tomahawks (quivered)
Press: ? - help, Shift-Dir - straight line, f - you Really target yourself?
Okay, then.
The swamp worm bites you. The swamp worm bites you!
* * * LOW HITPOINT WARNING * * *
You hit the swamp worm.
The swamp worm is lightly wounded.
The swamp worm bites you but does no damage.
Casting: Condensation Shield
Confirm with . or Enter, or press ? or * to list all spells.
Your hands turn into razor-sharp scythe blades.
The +0 pair of gloves of the Big Bang {*Contam +Fly rCorr} melds into your body.
The swamp worm bites you!!
You die...

....# ## #### #####..... .P..#
###..# ##.... ≈≈≈#### ##..#######
########.#...
≈≈≈≈≈≈###.......#.###.P#..##.....
##≈≈≈#≈.#........(..PP........#..
#P≈≈.##.........(..PP..#.#P.P##.
wwP≈≈#...........†.PP..#########.
w#P≈≈..........##w....## #.
##≈≈≈.....P†.†.#@†...#.# ##
≈≈≈≈.......#.######..###
≈≈......P.#### ###.# ...##..####
#.# ... #### ### #.


You could see a swamp worm.

Vanquished Creatures
  A frost giant (IceCv)
  Snorg (Lair:3)
  The ghost of tof the Covert, a journeyman DsFi of Nemelex Xobeh (Lair:3)
  5 hydras
  An ice dragon (Lair:6)
  Erica (D:8)
  2 death yaks (IceCv)
  Sonja (Lair:3)
  The ghost of George the Shield-Bearer, a novice DDFi (D:6)
  4 oklob plants (Lair:4)
  2 griffons
  The ghost of M4edhros the Sneak, a novice OpAr of Okawaru (D:5)
  An ice statue (IceCv)
  4 black mambas
  A torpor snail (Lair:6)
  7 spiny frogs
  4 fire drakes
  14 komodo dragons
  19 polar bears
  A two-headed ogre (D:8)
  23 blink frogs
  A redback (Lair:4)
  Sigmund (D:6)
  Eustachio (D:5)
  5 hippogriffs
  32 yaks
  A basilisk (Lair:3)
  A hungry ghost (D:7)
  28 wolves
  2 swamp worms (Lair:7)
  11 water moccasins
  2 orc warriors (D:8)
  11 porcupines
  An ice beast (Temple)
  A phantom (D:8)
  5 ogres
  15 crocodiles
  Blork the orc (D:5)
  12 giant frogs
  A gnoll sergeant (D:8)
  6 killer bees (D:8)
  5 wights (D:7)
  3 electric eels
  2 giant frog zombies
  2 jellies
  An orc priest (D:6)
  2 giant frog skeletons
  11 iguanas
  5 orc wizards
  7 worker ants
  10 sheep (Lair:5)
  A hound zombie (D:8)
  2 worker ant zombies
  10 adders
  60 river rats
  A shadow imp (D:7)
  2 oozes (D:5)
  10 worms
  3 adder skeletons
  An adder zombie (D:6)
  5 giant geckos
  23 orcs
  17 bats
  13 giant cockroaches
  6 goblins
  6 hobgoblins
  10 jackals
  2 quokkas
  2 ball pythons
  A giant gecko skeleton (D:5)
  A giant gecko zombie (D:7)
  6 giant newts
  2 jackal skeletons
  9 kobolds
  18 rats
  2 fungi (Lair:7)
  A plant (Lair:4)
495 creatures vanquished.

Vanquished Creatures (collateral kills)
  4 yaks (Lair:4)
  A swamp worm (Lair:7)
  A giant frog (Lair:4)
  A worm (Lair:7)
7 creatures vanquished.

Vanquished Creatures (others)
  An orc wizard (D:6)
  18 fungi
  10 plants
29 creatures vanquished.

Grand Total: 531 creatures vanquished

Notes
Turn   | Place    | Note
--------------------------------------------------------------
     0 | D:1      | dvd the Merfolk Transmuter began the quest for the Orb.
     0 | D:1      | Reached XP level 1. HP: 15/15 MP: 3/3
   245 | D:1      | Reached XP level 2. HP: 7/21 MP: 3/5
   734 | D:1      | Reached XP level 3. HP: 11/26 MP: 4/6
   851 | D:1      | Learned a level 3 spell: Spider Form
  1759 | D:2      | Found a blossoming altar of Fedhas.
  1813 | D:2      | Reached skill level 4 in Dodging
  1813 | D:2      | Reached XP level 4. HP: 28/32 MP: 7/7
  1885 | D:2      | Found a basalt altar of Yredelemnul.
  1970 | D:2      | Got a translucent flail
  1971 | D:2      | Identified the +4 flail "Oxizoc" {flame, MR++} (You found it on level 2 of the Dungeon)
  2076 | D:2      | Found an oddly glowing altar of Pakellas.
  2077 | D:2      | Found a sparkling altar of Nemelex Xobeh.
  2174 | D:2      | Found a radiant altar of Vehumet.
  2248 | D:3      | Noticed PinkishYellow's ghost (weakling OgBe)
  2766 | D:3      | Reached XP level 5. HP: 37/37 MP: 9/9
  3194 | D:4      | Reached skill level 1 in Stealth
  3727 | D:4      | Learned a level 4 spell: Ice Form
  3967 | D:4      | Found an ancient bone altar of Kikubaaqudgha.
  3978 | D:4      | Reached skill level 1 in Poison Magic
  3978 | D:4      | Reached XP level 6. HP: 35/44 MP: 10/10
  5119 | D:5      | Entered Level 5 of the Dungeon
  5179 | D:5      | Noticed M4edhros's ghost (novice OpAr)
  5198 | D:5      | Noticed Eustachio
  5212 | D:5      | Killed Eustachio
  5212 | D:5      | Reached skill level 5 in Dodging
  5212 | D:5      | Reached skill level 1 in Ice Magic
  5242 | D:5      | Reached XP level 7. HP: 40/50 MP: 12/12
  5316 | D:5      | Found a staircase to the Ecumenical Temple.
  5554 | D:6      | Noticed Sigmund
  5569 | D:6      | Killed Sigmund
  5815 | D:6      | Noticed George's ghost (novice DDFi)
  6074 | D:5      | Killed M4edhros's ghost
  6074 | D:5      | Reached skill level 6 in Dodging
  6074 | D:5      | Reached skill level 5 in Unarmed Combat
  6074 | D:5      | Reached skill level 5 in Transmutations
  6074 | D:5      | Reached XP level 8. HP: 50/57 MP: 14/14
  6563 | D:5      | Found an opulent altar of Gozag.
  6563 | D:5      | Noticed Blork the orc
  6574 | D:5      | Killed Blork the orc
  7298 | D:6      | Found Itikhigu's Assorted Antiques.
  7301 | D:6      | Bought an embroidered cloak for 135 gold pieces
  7351 | D:6      | Found a sacrificial altar of Ru.
  7359 | D:6      | Found a shattered altar of Ashenzari.
  7366 | D:6      | Found an iron altar of Okawaru.
  7401 | Temple   | Entered the Ecumenical Temple
  7778 | Temple   | Became a worshipper of Cheibriados the Contemplative
  7897 | D:6      | Gained mutation: You are resistant to electric shocks. [potion of mutation]
  7897 | D:6      | Gained mutation: You have a pair of small horns on your head. [potion of mutation]
  7897 | D:6      | Gained mutation: You are agile. (Dex +2) [potion of mutation]
  7913 | D:6      | Killed George's ghost
  7913 | D:6      | Reached skill level 1 in Armour
  7913 | D:6      | Reached skill level 7 in Dodging
  7913 | D:6      | Reached XP level 9. HP: 27/64 MP: 16/16
  8430 | D:6      | Learned a level 5 spell: Blade Hands
  8649 | D:7      | Reached * piety under Cheibriados
  8693 | D:7      | Found a burning altar of Makhleb.
  8884 | D:7      | Gained mutation: You have an increased reservoir of magic (+10% MP). [potion of beneficial mutation]
  8885 | D:7      | Lost mutation: You are agile. (Dex +2) [potion of cure mutation]
  8885 | D:7      | Lost mutation: You have an increased reservoir of magic (+10% MP). [potion of cure mutation]
  8885 | D:7      | Lost mutation: You have a pair of small horns on your head. [potion of cure mutation]
  8976 | D:7      | Identified a scroll of acquirement
  8977 | D:7      | Identified the Compendium of Shape Shifting and Companions (You acquired it on level 7 of the Dungeon)
  9078 | D:7      | Reached skill level 5 in Spellcasting
  9189 | D:7      | Found Nyluesur's Food Boutique.
  9352 | D:7      | Found a snail-covered altar of Cheibriados.
  9537 | D:8      | Reached ** piety under Cheibriados
  9773 | D:8      | Reached skill level 8 in Transmutations
  9837 | D:8      | Reached skill level 5 in Ice Magic
  9853 | D:8      | Found a staircase to the Lair.
 10028 | D:8      | Reached *** piety under Cheibriados
 10045 | D:8      | Learned a level 4 spell: Petrify
 10081 | D:8      | Found a shadowy altar of Dithmenos.
 10127 | D:8      | Reached XP level 10. HP: 73/73 MP: 13/18
 10292 | D:8      | Noticed Erica
 10303 | D:8      | Killed Erica
 10604 | D:8      | Found a blossoming altar of Fedhas.
 10746 | Lair:1   | Entered Level 1 of the Lair of Beasts
 10771 | Lair:1   | Reached skill level 1 in Throwing
 10783 | Lair:1   | Reached skill level 9 in Transmutations
 10808 | Lair:1   | Reached **** piety under Cheibriados
 10810 | Lair:1   | Reached skill level 5 in Fighting
 11032 | Lair:1   | Learned a level 3 spell: Ozocubu's Armour
 11557 | Lair:1   | Reached XP level 11. HP: 80/80 MP: 14/20
 11848 | Lair:2   | Reached ***** piety under Cheibriados
 11848 | Lair:2   | Reached skill level 1 in Charms
 12243 | Lair:2   | Noticed an eight-headed hydra
 12253 | Lair:2   | Killed an eight-headed hydra
 12381 | Lair:2   | Noticed a six-headed hydra
 12388 | Lair:2   | Killed a six-headed hydra
 12695 | Lair:2   | Noticed a six-headed hydra
 12702 | Lair:2   | Killed a six-headed hydra
 12702 | Lair:2   | Reached skill level 10 in Dodging
 12702 | Lair:2   | Reached skill level 1 in Invocations
 13007 | Lair:3   | Noticed tof's ghost (journeyman DsFi)
 13022 | Lair:3   | Killed tof's ghost
 13022 | Lair:3   | Reached XP level 12. HP: 70/88 MP: 12/24
 13028 | Lair:3   | Learned a level 4 spell: Summon Ice Beast
 13036 | Lair:3   | Noticed Snorg
 13058 | Lair:3   | Killed Snorg
 13193 | Lair:3   | Got a pair of ancient gloves
 13204 | Lair:3   | Identified the +0 pair of gloves of the Big Bang {*Contam +Fly rCorr} (You found it on level 3 of the Lair of Beasts)
 13376 | Lair:3   | Noticed Sonja
 13384 | Lair:3   | Killed Sonja
 13384 | Lair:3   | Reached skill level 5 in Stealth
 14085 | Lair:4   | Reached skill level 10 in Transmutations
 14464 | Lair:4   | Found a hole to the Spider Nest.
 14470 | Lair:4   | Learned a level 4 spell: Condensation Shield
 14508 | Lair:4   | Found a staircase to the Swamp.
 14557 | Lair:4   | Reached ****** piety under Cheibriados
 15995 | Lair:4   | Reached skill level 11 in Dodging
 15995 | Lair:4   | Reached skill level 10 in Spellcasting
 15998 | Lair:4   | Reached skill level 5 in Invocations
 15998 | Lair:4   | Reached XP level 13. HP: 71/94 MP: 16/27
 16011 | Lair:4   | Got a bound amethyst amulet
 16012 | Lair:4   | Identified the amulet "Vobreop" {Harm *Drain Int+3} (You found it on level 4 of the Lair of Beasts)
 16016 | Lair:4   | Got an iridescent glaive
 16017 | Lair:4   | Identified the cursed +3 glaive of Conformity {venom, rPois} (You found it on level 4 of the Lair of Beasts)
 16851 | Lair:5   | Learned a level 5 spell: Irradiate
 16944 | Lair:6   | Found a frozen archway.
 16946 | Lair:6   | Noticed an ice dragon
 16967 | Lair:6   | Killed an ice dragon
 16982 | IceCv    | Entered an ice cave
 17531 | IceCv    | Noticed a frost giant
 17536 | IceCv    | Reached skill level 12 in Dodging
 17537 | IceCv    | Reached XP level 14. HP: 103/103 MP: 5/29
 17543 | IceCv    | Killed a frost giant
 17561 | IceCv    | Got a steaming hand crossbow
 18138 | Lair:6   | Found a runed door.
 18830 | Lair:6   | Learned a level 6 spell: Ozocubu's Refrigeration
 19134 | Lair:7   | HP: 3/123 [swamp worm (22)]
 19140 | Lair:7   | Reached skill level 1 in Summonings
 19324 | Lair:7   | Mangled by a swamp worm

Vault maps used:
D:1:      elethiomel_arrival_infinity_welcomes_careful_drivers,
          minmay_misc_feat_alley
D:2:      nicolae_overflow_hidden_temple, fedhas_altar_1,
          gammafunk_temple_overflow_statue, minmay_misc_feat_diagonals,
          kennysheep_small_spiral, yredelemnul_altar_generic
D:4:      lemuel_doored_altar, lemuel_flame_loot_1
D:5:      lemuel_coloured_pillars_altar, minmay_temple_entry_from_below_a,
          first_bread, minmay_misc_feat_columns, uniq_blork_the_orc,
          uniq_eustachio
D:6:      grunt_temple_overflow_diamond, serial_shops, kennysheep_mini_moat,
          kennysheep_boxes, uniq_sigmund
D:7:      bloody_makhleb, serial_shops,
          nicolae_shop_competitors_out_of_business,
          hangedman_abyss_or_decor_slice, cheibrodos_worm_habitat
D:8:      lemuel_crystal_altar, grunt_lair_entry_orc_guard_hut,
          hangedman_tree_tricks, uniq_erica
Temple:   pf_slime_end_temple
Lair:1:   minmay_hedge_maze, grunt_megastairs_4
Lair:2:   infiniplex_staircase_pool_2, grunt_megastairs_2
Lair:3:   serial_bayou_ford_a, uniq_sonja, uniq_snorg
Lair:4:   dpeg_oklob_gauntlet, swamp_mist_pool, spider_nest_entry_rubble,
          grunt_megastairs_1
Lair:6:   portal_ice_cave_entry_animals_and_master, pf_torpor_hydra,
          serial_bayou_shore_a
Lair:7:   worms_lemuel
IceCv:    ice_cave_caverns_01

Action                   |  1- 3 |  4- 6 |  7- 9 | 10-12 | 13-15 || total
-------------------------+-------+-------+-------+-------+-------++-------
Melee: Unarmed           |   132 |   224 |   299 |   448 |   330 ||  1433
Throw: Tomahawk          |     6 |     2 |     1 |    54 |     6 ||    69
 Cast: Beastly Appendage |    22 |     5 |     3 |       |       ||    30
       Spider Form       |     1 |    34 |    10 |     1 |       ||    46
       Ice Form          |       |       |    11 |    11 |    11 ||    33
       Blade Hands       |       |       |    11 |    32 |    18 ||    61
       Petrify           |       |       |     1 |     4 |       ||     5
       Ozocubu's Armour  |       |       |       |    43 |    29 ||    72
       Summon Ice Beast  |       |       |       |    14 |     7 ||    21
       Condensation Shie |       |       |       |    13 |    16 ||    29
       Ozocubu's Refrige |       |       |       |       |     3 ||     3
Invok: Bend Time         |       |       |     1 |     2 |       ||     3
       Slouch            |       |       |       |       |     8 ||     8
       Temporal Distorti |       |       |       |       |     1 ||     1
 Abil: End Transformatio |       |     1 |       |     4 |     1 ||     6
Evoke: Wand              |       |     8 |       |    14 |     1 ||    23
  Use: Scroll            |       |     2 |    10 |     8 |     5 ||    25
       Potion            |       |       |    15 |     4 |     3 ||    22
 Stab: Sleeping          |     2 |     2 |     3 |     8 |     7 ||    22
       Distracted        |       |     1 |       |     4 |     1 ||     6
       Petrified         |       |       |     1 |       |       ||     1
       Petrifying        |       |       |       |     4 |       ||     4
  Eat: Chunk             |     3 |    14 |    15 |    15 |     5 ||    52
       Pizza             |       |     1 |     2 |       |       ||     3
       Meat ration       |       |       |     1 |       |     1 ||     2
       Beef jerky        |       |       |       |     1 |       ||     1
